 Dungeon Crawl Stone Soup version 0.18.1-48-g4cf74bf (webtiles) character file.

35 Joat the Changer (level 3, -4/17 HPs)
             Began as a Vine Stalker Transmuter on Aug 20, 2016.
             Slain by a gnoll
             ... wielding a +0 whip
              (5 damage)
             ... on level 1 of the Dungeon.
             The game lasted 00:04:01 (553 turns).

Joat the Changer (Vine Stalker Transmuter)           Turns: 553, Time: 00:04:02

Health: -4/17      AC:  2    Str: 12    XL:     3   Next: 35%
Magic:  0/7        EV: 12    Int: 19    God:
Gold:   55         SH:  0    Dex: 14    Spells: 2 memorised, 2 levels left

rFire  + . .     SeeInvis .       - Unarmed
rCold  . . .     Gourm    .     e - +0 robe {rF+}
rNeg   . . .     Faith    .     (no shield)
rPois  .         Spirit   +     (no helmet)
rElec  .         Dismiss  .     (no cloak)
rCorr  .         Reflect  .     (no gloves)
SustAt .         Harm     .     (no boots)
MR     .....                    (no amulet)
Stlth  +.........               (no ring)
                                (no ring)

@: brilliant, not resistant to hostile enchantments, very unstealthy
A: fangs 2, regeneration 1, magic shield, antimagic bite, no device heal 3, rot
immunity
a: no special abilities


You were on level 1 of the Dungeon.
You were not hungry.

You visited 1 branch of the dungeon, and saw 1 of its levels.

You collected 55 gold pieces.

Inventory:

Missiles
 a - 37 arrows
Armour
 b - a +0 robe
 e - a +0 robe of fire resistance (worn)
Scrolls
 g - 2 scrolls of remove curse {unknown}
 h - a scroll of enchant weapon {unknown}
 j - a scroll of fog {unknown}
 m - 2 scrolls of teleportation {unknown}
Books
 c - a book of Changes

   Spells                             Type                      Level
   a - Beastly Appendage              Transmutation                1
   b - Sticks to Snakes               Transmutation                2
   c - Spider Form                    Transmutation/Poison         3
   d - Ice Form                       Ice/Transmutation            4
   e - Blade Hands                    Transmutation                5
Comestibles
 d - a bread ration
 f - 5 chunks of flesh
 l - a meat ration


   Skills:
 - Level 0.8 Fighting
 - Level 1.5 Dodging
 - Level 3.0 Unarmed Combat
 - Level 2.4 Spellcasting
 - Level 3.1 Transmutations
 + Level 1.1 Poison Magic


You had 2 spell levels left.
You knew the following spells:

 Your Spells              Type           Power        Failure   Level  Hunger
a - Beastly Appendage     Trmt           ####..       1%          1    #......
b - Spider Form           Trmt/Pois      ###.......   2%          3    ###....


Dungeon Overview and Level Annotations

Branches:
Dungeon (1/15)

Altars:


Innate Abilities, Weirdness & Mutations

You have extremely sharp teeth.
Your natural rate of healing is unusually fast.
When hurt, damage is shared between your health and your magic reserves.
Your bite disrupts and absorbs the magic of your enemies.
Potions and wands cannot restore your health.
You are immune to rotting.


Message History

Things that are here:
a club; a hobgoblin corpse You closely miss the gnoll.
You claw the gnoll, but do no damage. You bite the gnoll. You drain its power.
You feel invigorated.
The gnoll is lightly wounded.
Your talons disappear.
The gnoll hits you with a whip!
You hit the gnoll.
The gnoll is heavily wounded.
The gnoll hits you with a whip!
Ouch! That really hurt!
* * * LOW HITPOINT WARNING * * *
Drink which item? (? for menu, Esc to quit)
It was a potion of brilliance.
You feel clever all of a sudden. The gnoll barely misses you.
Drink which item? (? for menu, Esc to quit)
It was a potion of heal wounds.
That seemed strangely inert.
The gnoll hits you with a whip.
You die...

#. #..# ####
..#.######..# #
............# # ##
##.#..†...## # ...
#..#.##### # ....## #.
##.## #.##### ......#
##.###....... .......##
##.....##### .....[g@##
##.######
......##(###.##
......###.#.##
...........####.(
...#####...(.....(.....
#. ##)#####.......## #
######.#####.........
#.
#..................#.
#.
#.#####.#####..#.###.


You could see a gnoll.

Vanquished Creatures
  An ooze (D:1)
  A ball python (D:1)
  3 giant cockroaches (D:1)
  2 goblins (D:1)
  7 hobgoblins (D:1)
  4 bats (D:1)
  A giant newt (D:1)
  A kobold (D:1)
  11 rats (D:1)
31 creatures vanquished.

Notes
Turn   | Place    | Note
--------------------------------------------------------------
     0 | D:1      | Joat the Vine Stalker Transmuter began the quest for the Orb.
     0 | D:1      | Reached XP level 1. HP: 9/9 MP: 4/4
    53 | D:1      | Reached XP level 2. HP: 14/14 MP: 6/6
   305 | D:1      | Reached XP level 3. HP: 16/17 MP: 4/7
   310 | D:1      | Learned a level 3 spell: Spider Form
   416 | D:1      | Reached skill level 1 in Poison Magic
   553 | D:1      | Slain by a gnoll

Skill      XL: |  1  2  3 |
---------------+----------+-----
Transmutations | 3 |  3.1
Poison Magic   | 1 |  1.1
Fighting       | |  0.8
Dodging        | |  1.5
Unarmed Combat | |  3.0
Spellcasting   | |  2.4

Action                   || total
-------------------------++-------
Melee: Unarmed           ||    92
       Bite              ||    27
       Punch             ||     2
       Kick              ||     1
 Cast: Beastly Appendage ||     1
  Use: Potion            ||     2
 Stab: Sleeping          ||     6
Armor: Robe              ||    13
Dodge: Dodged            ||    48
